 Dungeon Crawl Stone Soup version 0.14-a0-1254-g249fea6 (webtiles) character file.

172 Psiweapon the Sneak (level 4, -1/36 HPs)
             Began as a Naga Wizard on Dec 2, 2013.
             Slain by an orc wizard
             ... wielding a +1,+0 orcish dagger
              (4 damage)
             ... on Level 3 of the Dungeon.
             The game lasted 00:15:52 (2499 turns).

Psiweapon the Sneak (Naga Wizard)                   Turns: 2499, Time: 00:15:52

HP  -1/36        AC  2     Str 11      XL: 4   Next: 50%
MP   1/9         EV 15     Int 18      God:
Gold 86          SH  0     Dex 14      Spells:  4 memorised,  1 level left

rFire  . . .     SeeInvis +     h - +0 war axe
rCold  . . .     Clarity  .     a - +0 robe
rNeg   . . .     Conserve .     (no shield)
rPois  +         rCorr    .     b - +0 wizard hat
rElec  .         rRot     .     (no cloak)
SustAb . .       Spirit   .     (no gloves)
rMut   .         Warding  .     (no barding)
Saprov . . .     Stasis   .     m - amulet of faith {unknown}
                                (no ring)
                                (no ring)

@: agile, very slightly contaminated, very slow, slightly resistant to hostile
enchantments, very stealthy
A: spit poison, see invisible, deformed body, poison resistance, slowness 2, AC
+1
a: Spit Poison


You were on level 3 of the Dungeon.
You were not hungry.

You visited 1 branch of the dungeon, and saw 3 of its levels.

You collected 86 gold pieces.

Inventory:

Hand weapons
 h - a +0,+0 war axe (weapon)
 i - a cursed -1,-1 elven short sword
 j - a +2,+3 dagger of speed
 l - a +1,+1 dwarven dagger
 w - a -1,+1 orcish morningstar
Missiles
 e - 11 darts of flame
 y - 3 tomahawks (quivered)
Armour
 a - a +0 robe (worn)
 b - a +0 wizard hat (worn)
Comestibles
 d - a bread ration
 f - a meat ration
 k - a chunk of rat flesh
 r - 3 chunks of hobgoblin flesh
 u - a chunk of bat flesh
 v - 5 rotting chunks of orc flesh
 x - a rotting chunk of bat flesh
Scrolls
 g - a scroll of curse armour {unknown}
 n - a scroll of enchant armour {unknown}
 o - a scroll of identify {unknown}
 p - a scroll of magic mapping {unknown}
 q - 2 scrolls of teleportation
 s - a scroll of enchant weapon I {unknown}
 t - a scroll of amnesia {unknown}
Jewellery
 m - an amulet of faith (around neck) {unknown}
Books
 c - a book of Minor Magic

   Spells                             Type                      Level
   *Magic Dart                        Conjuration                  1
   Blink                              Translocation                2
   *Call Imp                          Summoning                    2
   *Repel Missiles                    Charms/Air                   2
   Slow                               Hexes                        2
   Conjure Flame                      Conjuration/Fire             3
   *Mephitic Cloud                    Conjuration/Poison/Air       3


   Skills:
 + Level 1.6 Axes
 - Level 2.0 Dodging
 + Level 4.6 Stealth
 - Level 3.0 Spellcasting
 - Level 2.0 Conjurations
 - Level 1.0 Summonings
   Level 1.0 Translocations
 + Level 1.0 Air Magic
 + Level 0.6 Poison Magic


You had one spell level left.
You knew the following spells:

 Your Spells              Type           Power        Failure   Level  Hunger
a - Magic Dart            Conj           #...         10%         1    None
b - Repel Missiles        Chrm/Air       #.........   21%         2    ##.....
c - Call Imp              Summ           #.........   17%         2    ##.....
d - Mephitic Cloud        Conj/Pois/Air  #.......     34%         3    ###....


Dungeon Overview and Level Annotations

Branches:
Dungeon (3/16)

Altars:


Innate Abilities, Weirdness & Mutations

You cannot wear boots.
You can spit poison.
Your serpentine skin is tough (AC +1).
You have supernaturally acute eyesight.
Armour fits poorly on your strangely shaped body.
Your system is resistant to poisons.
You cover ground very slowly.


Message History

The orc wizard closely misses you.
The orc priest moves out of view.
The orc misses you.
The orc wizard hits you with an orcish dagger.
* * * LOW HITPOINT WARNING * * *
The orc misses you.
You hit the orc.
The orc is heavily wounded.
The orc wizard barely misses you.
The orc priest becomes somewhat translucent.
The orc wizard gestures wildly while chanting.
The orc wizard blinks!
The orc closely misses you.
Unknown command.
You hit the orc.
You kill the orc!
The orc priest hits you with an orcish club.
* * * LOW HITPOINT WARNING * * *
You barely miss the orc priest.
The orc priest is heavily wounded.
The orc wizard hits you with an orcish dagger.
You die... o

.### o...# §§l.# #### §§§.#
#..# o§.# #..# ...#
##.§##...#####
#...@oo.......
#..o##(####### .. #...# .#
#. ##.## .# #. . #.# #.##
#.### ...######.##...###
#####.... ..................
.........
.....####.........#####.....
.........)...........w....<.


You could see an orc priest, an orc wizard and an orc.

Vanquished Creatures
  An adder (D:2)
  A giant gecko (D:3)
  5 orcs (D:3)
  2 giant cockroaches
  9 hobgoblins
  A ball python (D:1)
  11 bats
  4 giant newts
  6 goblins
  7 kobolds
  3 quokkas
  9 rats
59 creatures vanquished.

Vanquished Creatures (collateral kills)
  2 worms
  An ooze (D:1)
  An orc (D:3)
  2 hobgoblins (D:3)
6 creatures vanquished.

Grand Total: 65 creatures vanquished

Notes
Turn   | Place    | Note
--------------------------------------------------------------
     0 | D:1      | Psiweapon, the Naga Wizard, began the quest for the Orb.
     0 | D:1      | Reached XP level 1. HP: 15/15 MP: 4/4
   546 | D:1      | Reached XP level 2. HP: 22/22 MP: 4/6
   711 | D:1      | Learned a level 2 spell: Repel Missiles
   714 | D:1      | Learned a level 2 spell: Call Imp
  1067 | D:1      | Reached skill level 1 in Axes
  1074 | D:1      | Reached XP level 3. HP: 24/28 MP: 2/7
  1268 | D:1      | Reached skill level 4 in Stealth
  1698 | D:2      | Learned a level 3 spell: Mephitic Cloud
  2042 | D:2      | Reached XP level 4. HP: 36/36 MP: 5/9
  2376 | D:3      | Reached skill level 1 in Air Magic
  2499 | D:3      | Slain by an orc wizard

Action                   |  1- 3 |  4- 6 || total
-------------------------+-------+-------++-------
Melee: War axe           |    39 |    26 ||    65
Throw: Dart              |     6 |       ||     6
       Tomahawk          |       |     2 ||     2
 Cast: Magic Dart        |    38 |    13 ||    51
       Call Imp          |     3 |     4 ||     7
       Mephitic Cloud    |       |     2 ||     2
 Abil: Spit Poison       |    13 |     2 ||    15
  Use: Scroll            |     1 |       ||     1
       Potion            |       |     1 ||     1
 Stab: Sleeping          |     5 |       ||     5
